[ AOE2 MATCH · #508105806 ]
UnrankedMongols vs Celts
Player's team · LOSS
Rival team · WIN
[ REPLAY ANALYSIS · EXTRACTED FROM THE RECORDED GAME ]
Feudal
8:07
Castle
22:15
Imperial
—
| APM avg | 31.9 |
| APM peak | 49 |
| eAPM avg | 18.6 |
| Villagers / military | 75 / 3 |
Focus
⚔️ 35.5% · 🌾 64.5%
Mangudai ×3
Feudal
11:08
Castle
17:20
Imperial
—
| APM avg | 26.8 |
| APM peak | 78 |
| eAPM avg | 14.7 |
| Villagers / military | 56 / 41 |
Focus
⚔️ 31.6% · 🌾 68.4%
Woad Raider ×35 · Battering Ram ×6 · Unknown (1105) ×1
Match map
Initial resources + every placement click. Lines = walls · curves = elevation contours. ◆ gold · ⬟ stone · ● berries · ✦ relic · ◌ wall gap
Your base· ✓ Closed at 22:15 · 18t walls · 3 gate(s)
Real 2K's base· ✓ Closed at 17:20 · 20t walls · 2 gate(s)
Smoothed initial terrain · ◌ = detected wall gap · hover for details
Inputs per minute
— VENÓN | BOTZANGA - - Real 2K
Build order — VENÓN | BOTZANGA
144 actions detected in the replay
| 0:01 | Queue | Villager (Male) |
| 0:01 | Queue | Villager (Male) |
| 0:01 | Queue | Villager (Male) |
| 0:02 | Build | House |
| 0:03 | Build | House |
| 0:04 | Queue | Villager (Male) |
| 0:04 | Queue | Villager (Male) |
| 1:22 | Queue | Villager (Male) |
| 1:23 | Queue | Villager (Male) |
| 1:44 | Build | Lumber Camp |
| 2:12 | Queue | Villager (Male) |
| 2:13 | Queue | Villager (Male) |
| 2:13 | Queue | Villager (Male) |
| 2:34 | Queue | Villager (Male) |
| 2:35 | Queue | Villager (Male) |
| 2:35 | Queue | Villager (Male) |
| 2:51 | Build | House |
| 3:00 | Queue | Villager (Male) |
| 3:20 | Queue | Villager (Male) |
| 3:20 | Queue | Villager (Male) |
| 3:32 | Build | House |
| 3:54 | Queue | Villager (Male) |
| 4:32 | Build | Mining Camp |
| 4:39 | Queue | Villager (Male) |
| 4:40 | Research | Loom |
| 5:56 | Research | Feudal Age |
| 6:10 | Build | House |
| 7:09 | Queue | Villager (Male) |
| 7:25 | Queue | Villager (Male) |
| 7:39 | Queue | Villager (Male) |
| 8:07 | Age | Feudal Age |
| 8:12 | Build | Watch Tower |
| 8:19 | Build | Mill |
| 8:20 | Queue | Villager (Male) |
| 8:46 | Queue | Villager (Male) |
| 9:03 | Queue | Villager (Male) |
| 9:20 | Queue | Villager (Male) |
| 9:24 | Research | Double-Bit Axe |
| 9:28 | Queue | Villager (Male) |
| 9:32 | Build | House |
| 9:46 | Queue | Villager (Male) |
| 9:58 | Build | Mill |
| 9:59 | Queue | Villager (Male) |
| 10:21 | Build | Watch Tower |
| 10:47 | Queue | Villager (Male) |
| 11:04 | Build | Mining Camp |
| 11:06 | Queue | Villager (Male) |
| 11:24 | Build | Watch Tower |
| 11:26 | Queue | Villager (Male) |
| 11:32 | Build | House |
| 11:46 | Queue | Villager (Male) |
| 12:01 | Queue | Villager (Male) |
| 12:07 | Queue | Villager (Male) |
| 12:13 | Build | Outpost |
| 12:23 | Queue | Villager (Male) |
| 12:50 | Build | Watch Tower |
| 12:51 | Queue | Villager (Male) |
| 12:57 | Build | Outpost |
| 13:04 | Queue | Villager (Male) |
| 13:09 | Queue | Villager (Male) |
| 13:19 | Queue | Villager (Male) |
| 13:26 | Build | House |
| 13:27 | Research | Horse Collar |
| 13:29 | Queue | Villager (Male) |
| 13:38 | Queue | Villager (Male) |
| 13:45 | Queue | Villager (Male) |
| 13:50 | Queue | Villager (Male) |
| 13:59 | Queue | Villager (Male) |
| 14:03 | Build | Barracks |
| 14:06 | Queue | Villager (Male) |
| 14:12 | Queue | Villager (Male) |
| 14:34 | Queue | Villager (Male) |
| 14:59 | Build | Stable |
| 15:01 | Queue | Villager (Male) |
| 15:04 | Queue | Villager (Male) |
| 15:10 | Queue | Villager (Male) |
| 15:15 | Queue | Villager (Male) |
| 15:23 | Queue | Villager (Male) |
| 15:37 | Build | Market |
| 15:59 | Build | House |
| 16:00 | Build | House |
| 16:02 | Queue | Villager (Male) |
| 16:18 | Research | Wheelbarrow |
| 16:35 | Build | Farm |
| 16:36 | Build | Farm |
| 16:37 | Build | Farm |
| 16:38 | Build | Farm |
| 16:40 | Build | Farm |
| 16:54 | Build | Farm |
| 16:58 | Build | Farm |
| 17:07 | Queue | Villager (Male) |
| 17:40 | Queue | Villager (Male) |
| 17:51 | Build | Watch Tower |
| 17:53 | Build | Mining Camp |
| 18:17 | Build | Farm |
| 18:18 | Build | Farm |
| 18:28 | Queue | Villager (Male) |
| 18:33 | Build | Farm |
| 18:39 | Build | Stone Wall |
| 18:40 | Build | Stone Wall |
| 18:41 | Build | Stone Wall |
| 18:43 | Build | Stone Wall |
| 18:45 | Build | Stone Wall |
| 18:45 | Build | Stone Wall |
| 18:46 | Build | Stone Wall |
| 18:47 | Build | Stone Wall |
| 18:49 | Build | Stone Wall |
| 18:56 | Build | Gate |
| 19:01 | Build | Stone Wall |
| 19:04 | Build | Stone Wall |
| 19:10 | Queue | Villager (Male) |
| 19:28 | Research | Castle Age |
| 20:11 | Queue | Villager (Male) |
| 20:17 | Build | Stone Wall |
| 20:18 | Queue | Villager (Male) |
| 20:28 | Build | Stone Wall |
| 20:29 | Queue | Villager (Male) |
| 20:41 | Queue | Villager (Male) |
| 20:42 | Queue | Villager (Male) |
| 21:44 | Queue | Villager (Male) |
| 21:44 | Queue | Villager (Male) |
| 21:56 | Build | Lumber Camp |
| 21:57 | Queue | Villager (Male) |
| 21:59 | Queue | Villager (Male) |
| 22:08 | Build | Mining Camp |
| 22:10 | Queue | Villager (Male) |
| 22:15 | Age | Castle Age |
| 22:17 | Build | Blacksmith |
| 22:20 | Build | Castle |
| 22:55 | Queue | Villager (Male) |
| 22:58 | Queue | Villager (Male) |
| 23:05 | Build | Gate |
| 23:06 | Queue | Villager (Male) |
| 23:09 | Build | Gate |
| 23:10 | Queue | Villager (Male) |
| 23:13 | Build | Gate |
| 23:15 | Queue | Villager (Male) |
| 23:15 | Queue | Villager (Male) |
| 23:23 | Research | Fletching |
| 23:30 | Queue | Mangudai |
| 23:30 | Queue | Mangudai |
| 23:32 | Queue | Villager (Male) |
| 23:33 | Queue | Villager (Male) |
| 23:53 | Queue | Mangudai |
Build order — Real 2K
148 actions detected in the replay
| 0:01 | Queue | Villager (Male) |
| 0:01 | Queue | Villager (Male) |
| 0:02 | Build | House |
| 0:03 | Build | House |
| 0:09 | Queue | Villager (Male) |
| 0:09 | Queue | Villager (Male) |
| 0:09 | Queue | Villager (Male) |
| 1:27 | Queue | Villager (Male) |
| 1:44 | Build | Lumber Camp |
| 2:04 | Queue | Villager (Male) |
| 2:04 | Queue | Villager (Male) |
| 2:19 | Queue | Villager (Male) |
| 2:19 | Queue | Villager (Male) |
| 2:53 | Queue | Villager (Male) |
| 2:53 | Queue | Villager (Male) |
| 3:10 | Queue | Villager (Male) |
| 3:24 | Build | House |
| 3:24 | Build | House |
| 3:26 | Build | House |
| 3:38 | Queue | Villager (Male) |
| 3:38 | Queue | Villager (Male) |
| 3:55 | Queue | Villager (Male) |
| 3:55 | Queue | Villager (Male) |
| 4:14 | Build | Mill |
| 4:24 | Queue | Villager (Male) |
| 4:41 | Queue | Villager (Male) |
| 5:15 | Queue | Villager (Male) |
| 5:15 | Queue | Villager (Male) |
| 5:24 | Build | Mill |
| 5:46 | Queue | Villager (Male) |
| 5:47 | Queue | Villager (Male) |
| 6:01 | Queue | Villager (Male) |
| 6:02 | Queue | Villager (Male) |
| 6:48 | Queue | Villager (Male) |
| 6:49 | Queue | Villager (Male) |
| 7:01 | Queue | Villager (Male) |
| 7:01 | Queue | Villager (Male) |
| 7:12 | Queue | Villager (Male) |
| 7:12 | Queue | Villager (Male) |
| 7:12 | Queue | Villager (Male) |
| 7:17 | Queue | Villager (Male) |
| 7:17 | Queue | Villager (Male) |
| 7:18 | Queue | Villager (Male) |
| 8:31 | Build | Mining Camp |
| 8:58 | Research | Feudal Age |
| 9:05 | Build | House |
| 9:06 | Build | House |
| 9:08 | Build | House |
| 9:11 | Build | House |
| 9:12 | Build | House |
| 9:58 | Build | Farm |
| 10:01 | Build | Farm |
| 10:02 | Build | Farm |
| 10:05 | Build | Farm |
| 10:24 | Build | Farm |
| 10:27 | Build | Farm |
| 10:42 | Queue | Villager (Male) |
| 11:08 | Age | Feudal Age |
| 11:12 | Build | Stone Wall |
| 11:14 | Build | Stone Wall |
| 11:18 | Build | Stone Wall |
| 11:22 | Research | Wheelbarrow |
| 11:31 | Build | Mining Camp |
| 11:33 | Queue | Villager (Male) |
| 11:40 | Build | Farm |
| 11:57 | Queue | Villager (Male) |
| 12:00 | Build | Farm |
| 12:12 | Build | Stone Wall |
| 12:17 | Build | Farm |
| 12:38 | Queue | Villager (Male) |
| 13:09 | Build | Market |
| 13:12 | Build | Stone Wall |
| 13:17 | Queue | Villager (Male) |
| 13:36 | Queue | Villager (Male) |
| 13:47 | Build | Blacksmith |
| 14:02 | Queue | Villager (Male) |
| 14:40 | Research | Castle Age |
| 14:55 | Research | Double-Bit Axe |
| 15:19 | Research | Horse Collar |
| 15:59 | Research | Gold Mining |
| 16:19 | Build | Farm |
| 16:31 | Research | Scale Mail Armor |
| 17:01 | Queue | Villager (Male) |
| 17:02 | Queue | Villager (Male) |
| 17:20 | Age | Castle Age |
| 17:24 | Build | Castle |
| 17:30 | Build | Siege Workshop |
| 17:55 | Queue | Villager (Male) |
| 17:56 | Queue | Villager (Male) |
| 18:24 | Queue | Battering Ram |
| 18:39 | Build | Farm |
| 18:42 | Queue | Villager (Male) |
| 18:46 | Queue | Battering Ram |
| 18:55 | Queue | Woad Raider |
| 18:55 | Queue | Woad Raider |
| 18:55 | Queue | Woad Raider |
| 19:03 | Build | Farm |
| 19:07 | Build | Farm |
| 19:09 | Queue | Battering Ram |
| 19:15 | Queue | Woad Raider |
| 19:15 | Queue | Woad Raider |
| 19:33 | Queue | Battering Ram |
| 19:39 | Queue | Woad Raider |
| 20:11 | Queue | Battering Ram |
| 20:16 | Queue | Woad Raider |
| 20:16 | Queue | Woad Raider |
| 20:16 | Queue | Woad Raider |
| 20:16 | Queue | Woad Raider |
| 20:20 | Queue | Unit 1105 |
| 20:23 | Build | Farm |
| 20:37 | Queue | Woad Raider |
| 20:37 | Queue | Woad Raider |
| 20:38 | Queue | Woad Raider |
| 20:38 | Queue | Woad Raider |
| 20:59 | Queue | Villager (Male) |
| 21:04 | Queue | Woad Raider |
| 21:04 | Queue | Woad Raider |
| 21:05 | Queue | Woad Raider |
| 21:05 | Queue | Woad Raider |
| 21:28 | Queue | Villager (Male) |
| 21:30 | Queue | Woad Raider |
| 21:30 | Queue | Woad Raider |
| 21:30 | Queue | Woad Raider |
| 21:39 | Queue | Villager (Male) |
| 21:42 | Queue | Battering Ram |
| 21:46 | Build | Farm |
| 22:13 | Queue | Woad Raider |
| 22:13 | Queue | Woad Raider |
| 22:13 | Queue | Woad Raider |
| 22:13 | Queue | Woad Raider |
| 22:47 | Queue | Villager (Male) |
| 22:48 | Queue | Woad Raider |
| 22:48 | Queue | Woad Raider |
| 22:49 | Queue | Woad Raider |
| 22:49 | Queue | Woad Raider |
| 22:58 | Queue | Villager (Male) |
| 22:59 | Build | Farm |
| 23:04 | Queue | Villager (Male) |
| 23:11 | Build | Town Center |
| 23:43 | Queue | Woad Raider |
| 23:43 | Queue | Woad Raider |
| 23:44 | Queue | Woad Raider |
| 24:05 | Queue | Villager (Male) |
| 24:07 | Queue | Woad Raider |
| 24:07 | Queue | Woad Raider |
| 24:08 | Queue | Woad Raider |
| 24:16 | Queue | Villager (Male) |
| 24:16 | Queue | Villager (Male) |
Match timeline
| 8:07 | VENÓN | BOTZANGA · age_up feudal |
| 11:08 | Real 2K · age_up feudal |
| 11:12 | Real 2K · wall_segment Stone Wall x2 |
| 11:14 | Real 2K · wall_segment Stone Wall x8 |
| 11:18 | Real 2K · wall_segment Stone Wall x9 |
| 12:12 | Real 2K · wall_segment Stone Wall x1 |
| 13:12 | Real 2K · wall_segment Stone Wall x1 |
| 14:03 | VENÓN | BOTZANGA · first_building Barracks |
| 14:25 | Real 2K · first_market_buy 100 food |
| 14:39 | Real 2K · first_market_sell 100 wood |
| 14:59 | VENÓN | BOTZANGA · first_building Stable |
| 16:33 | VENÓN | BOTZANGA · first_market_buy 100 food |
| 17:20 | Real 2K · age_up castle |
| 17:24 | Real 2K · first_building Castle |
| 17:30 | Real 2K · first_building Siege Workshop |
| 18:39 | VENÓN | BOTZANGA · wall_segment Stone Wall x1 |
| 18:40 | VENÓN | BOTZANGA · wall_segment Stone Wall x1 |
| 18:41 | VENÓN | BOTZANGA · wall_segment Stone Wall x1 |
| 18:43 | VENÓN | BOTZANGA · wall_segment Stone Wall x1 |
| 18:45 | VENÓN | BOTZANGA · wall_segment Stone Wall x1 |
| 18:45 | VENÓN | BOTZANGA · wall_segment Stone Wall x1 |
| 18:46 | VENÓN | BOTZANGA · wall_segment Stone Wall x1 |
| 18:47 | VENÓN | BOTZANGA · wall_segment Stone Wall x1 |
| 18:49 | VENÓN | BOTZANGA · wall_segment Stone Wall x1 |
| 19:01 | VENÓN | BOTZANGA · wall_segment Stone Wall x3 |
| 19:04 | VENÓN | BOTZANGA · wall_segment Stone Wall x5 |
| 20:17 | VENÓN | BOTZANGA · wall_segment Stone Wall x1 |
| 20:28 | VENÓN | BOTZANGA · wall_segment Stone Wall x1 |
| 22:15 | VENÓN | BOTZANGA · age_up castle |
| 22:20 | VENÓN | BOTZANGA · first_building Castle |
| 22:57 | VENÓN | BOTZANGA · first_market_sell 100 wood |
| 24:18 | VENÓN | BOTZANGA · resign |
[ AI ANALYSIS · 1 CREDIT ]
What really happened in this match?
Wolo.gg analyzes every decision: build order, eco, micro, common mistakes by bracket. Personalized analysis on WhatsApp or Discord in 30 seconds.
Civ guide
Mongols
Perfil
Jugador #1920975